[Event "JBLN 2020"]
[Site "Uelzen"]
[Date "2020.09.19"]
[Round "8.1"]
[White "Engel, Luis"]
[Black "Kopylov, Daniel"]
[Result "0-1"]
[ECO "B65"]
[WhiteElo "2553"]
[BlackElo "2353"]
[Annotator "ChessBase"]
[PlyCount "74"]
[EventDate "2020.09.19"]
[EventType "team-tourn"]
[EventCountry "GER"]
[SourceTitle "playchess.com"]
[Source "ChessBase"]
[SourceQuality "1"]
[TimeControl "5400+30"]

1. e4 c5 2. Nf3 d6 3. d4 cxd4 4. Nxd4 Nf6 5. Nc3 Nc6 6. Bg5 e6 7. Qd2 Nxd4 8. Qxd4 Be7 9. O-O-O O-O 10. h4 h6 11. f4 Qa5 12. Kb1 Rd8 13. Be2 Bd7 14. g4 Rac8 15. Qe3 Rxc3 16. bxc3 Rc8 17. Rh3 Rc6 18. e5 Rb6+ 19. Ka1 Nd5 20. Rxd5 Qa3 21. Rb5 Bxb5 22. c4 Qxe3 23. Rxe3 hxg5 24. cxb5 gxf4 25. Rc3 dxe5 26. Rc8+ Bf8 27. c4 Rd6 28. c5 Rd5 29. c6 bxc6 30. bxc6 e4 31. c7 Rc5 32. h5 f3 33. Bd1 f6 34. g5 fxg5 35. Re8 Rxc7 36. Bb3 f2 37. Bxe6+ Rf7 0-1

[Event "JBLN 2020"]
[Site "Uelzen"]
[Date "2020.09.19"]
[Round "8.1"]
[White "Keyser, Robin"]
[Black "Knuedel, Torben"]
[Result "1-0"]
[ECO "E05"]
[WhiteElo "2070"]
[BlackElo "2211"]
[Annotator "ChessBase"]
[PlyCount "129"]
[EventDate "2020.09.19"]
[EventType "team-tourn"]
[EventCountry "GER"]
[SourceTitle "playchess.com"]
[Source "ChessBase"]
[SourceQuality "1"]
[TimeControl "5400+30"]

1. d4 Nf6 2. c4 e6 3. g3 d5 4. Nf3 Be7 5. Bg2 O-O 6. O-O dxc4 7. Qc2 a6 8. Qxc4 b5 9. Qc2 Bb7 10. Bg5 Nbd7 11. Bxf6 Nxf6 12. Nbd2 Rc8 13. Nb3 Be4 14. Qc3 Nd5 15. Qd2 Bb4 16. Qc1 c5 17. dxc5 Qe7 18. Ne5 Bxg2 19. Kxg2 Bxc5 20. Nxc5 Rxc5 21. Qd2 Qc7 22. Nd3 Rc2 23. Qd1 Rc8 24. Kg1 h6 25. Rc1 a5 26. Rxc2 Qxc2 27. Kg2 Qc6 28. Kg1 Qc4 29. Qb1 Qe4 30. e3 h5 31. h4 Rc4 32. Rd1 g6 33. Ne1 Qg4 34. Qd3 g5 35. b3 Re4 36. Ng2 gxh4 37. Nxh4 Nxe3 38. Re1 f5 39. Rxe3 Rd4 40. Qe2 Rd1+ 41. Kg2 Qxe2 42. Rxe2 Kf7 43. Nf3 Kf6 44. Rd2 Rc1 45. Rd6 Ra1 46. Rd2 Rc1 47. Nd4 Rc5 48. Rc2 Rd5 49. Ne2 Rd7 50. Nf4 e5 51. Rc6+ Kf7 52. Nxh5 Rd2 53. Rf6+ Ke7 54. Rxf5 Ke6 55. Rf6+ Kd5 56. g4 e4 57. Kf1 Rxa2 58. g5 a4 59. g6 Ra1+ 60. Kg2 axb3 61. g7 b2 62. g8=Q+ Kc5 63. Qb3 b1=Q 64. Qc3+ Kd5 65. Nf4# 1-0

[Event "JBLN 2020"]
[Site "Uelzen"]
[Date "2020.09.19"]
[Round "8.2"]
[White "Hovhannisyan, Artur"]
[Black "Woelk, Tom-Frederic"]
[Result "0-1"]
[ECO "B55"]
[WhiteElo "2182"]
[BlackElo "2253"]
[Annotator "ChessBase"]
[PlyCount "86"]
[EventDate "2020.09.19"]
[EventType "team-tourn"]
[EventCountry "GER"]
[SourceTitle "playchess.com"]
[Source "ChessBase"]
[SourceQuality "1"]
[TimeControl "5400+30"]

1. e4 c5 2. Nf3 d6 3. d4 cxd4 4. Nxd4 Nf6 5. f3 e5 6. Nb3 Be6 7. c4 Nbd7 8. Nc3 Rc8 9. Nd5 Nxe4 10. fxe4 Qh4+ 11. Kd2 Nf6 12. g3 Nxe4+ 13. Kc2 Nxg3 14. hxg3 Qxh1 15. Ne3 Be7 16. Bd3 Qh2+ 17. Bd2 d5 18. Bf5 dxc4 19. Na5 O-O 20. Qf3 Bxf5+ 21. Nxf5 Bg5 22. Rd1 Rfd8 23. Ne3 Bxe3 24. Qxe3 b6 25. Nb7 Rd7 26. Qf3 Rb8 27. Qc6 Rdxb7 28. Kc1 Re7 29. Bb4 Ree8 30. Rh1 Qe2 31. Qd7 c3 32. Bxc3 Qe3+ 33. Qd2 Qxd2+ 34. Kxd2 f6 35. g4 h6 36. Ke3 Red8 37. Ke4 Kf7 38. Rf1 Rbc8 39. Ke3 Rc4 40. Rg1 Ke6 41. Rg2 Rdc8 42. Kd3 Rf4 43. Ke3 Rcc4 0-1

[Event "JBLN 2020"]
[Site "Uelzen"]
[Date "2020.09.19"]
[Round "8.2"]
[White "von Estorff, Jacob"]
[Black "Keyser, Philipp"]
[Result "1-0"]
[ECO "B94"]
[WhiteElo "2125"]
[BlackElo "2030"]
[Annotator "ChessBase"]
[PlyCount "47"]
[EventDate "2020.09.19"]
[EventType "team-tourn"]
[EventCountry "GER"]
[SourceTitle "playchess.com"]
[Source "ChessBase"]
[SourceQuality "1"]
[TimeControl "5400+30"]

1. e4 c5 2. Nf3 d6 3. d4 cxd4 4. Nxd4 Nf6 5. Nc3 a6 6. Bc4 e6 7. Bg5 Nbd7 8. O-O b5 9. Bxe6 fxe6 10. Nxe6 Qb6 11. Nd5 Nxd5 12. Qxd5 Nb8 13. Nxf8 Rxf8 14. Qxa8 Kd7 15. Be3 Qc7 16. Qd5 Bb7 17. Qg5 Rf7 18. Qg4+ Ke8 19. Rad1 Re7 20. Bg5 Rxe4 21. Rfe1 Qxc2 22. Rxe4+ Qxe4 23. Qxe4+ Bxe4 24. Re1 1-0

[Event "JBLN 2020"]
[Site "Uelzen"]
[Date "2020.09.19"]
[Round "8.3"]
[White "Weihrauch, Jakob"]
[Black "Koehler, Inken"]
[Result "1/2-1/2"]
[ECO "B82"]
[WhiteElo "2184"]
[BlackElo "1958"]
[Annotator "NA"]
[PlyCount "125"]
[EventDate "2020.09.19"]
[EventType "team-tourn"]
[EventCountry "GER"]
[SourceTitle "playchess.com"]
[Source "ChessBase"]
[SourceQuality "1"]
[TimeControl "5400+30"]

1. e4 c5 2. Nf3 e6 3. d4 cxd4 4. Nxd4 a6 5. Nc3 Qc7 6. f4 d6 7. Bd3 Nf6 8. g4 Nc6 9. Nxc6 Qxc6 10. g5 Nd7 11. Qf3 Nc5 12. Be3 b5 13. a3 Bb7 14. O-O-O O-O-O 15. Kb1 Be7 16. b4 Nd7 17. Ne2 Nb6 18. Nd4 $11 ({White should try} 18. Bd4 $16) 18... Qc3 19. Nxb5 axb5 20. Bxb6 Qxa3 21. Bxd8 Qxb4+ 22. Kc1 Bxd8 23. Rd2 Qc3 24. Kd1 Ba5 25. Rf2 Kc7 26. Rhf1 Bc6 27. Qe3 Ra8 28. Rg2 Bb4 29. Ke2 Bc5 30. Qd2 Qd4 31. c3 Qa4 32. Kf3 d5 33. Re2 dxe4+ 34. Bxe4 Rd8 35. Qe1 Rd3+ 36. Kg4 Bxe4 37. Rxe4 Qc2 38. Re2 Qxc3 39. Qxc3 Rxc3 40. f5 Rc4+ 41. Kh3 Rc3+ 42. Kg4 Rc4+ 43. Kh3 Rc3+ 44. Kg2 e5 45. Rxe5 Rc2+ 46. Kf3 Rc3+ 47. Ke2 Kd6 48. Re8 Rc2+ 49. Kd3 Rxh2 50. Rd8+ Kc7 51. Rg8 Rh3+ 52. Ke4 Rh4+ 53. Kd5 Bd4 54. f6 gxf6 55. gxf6 Bc3 56. Rg7 Rd4+ 57. Kc5 Rd7 58. Kxb5 Kd6 59. Rxh7 Ke6 60. Kc4 Be5 61. Rh8 Rd4+ 62. Kc5 Rf4 63. Rxf4 1/2-1/2

[Event "JBLN 2020"]
[Site "Uelzen"]
[Date "2020.09.19"]
[Round "8.3"]
[White "Killgus, Leonard"]
[Black "Bargsten, Justus"]
[Result "1-0"]
[ECO "C90"]
[WhiteElo "1962"]
[BlackElo "2052"]
[Annotator "NA"]
[PlyCount "105"]
[EventDate "2020.09.19"]
[EventType "team-tourn"]
[EventCountry "GER"]
[SourceTitle "playchess.com"]
[Source "ChessBase"]
[SourceQuality "1"]
[TimeControl "5400+30"]

1. e4 e5 2. Nf3 Nc6 3. Bb5 a6 4. Ba4 Nf6 5. O-O Be7 6. Re1 b5 7. Bb3 d6 8. c3 O-O 9. d3 Na5 10. Bc2 c5 11. Nbd2 Re8 12. Nf1 Bf8 13. Ng3 g6 14. h3 Nc6 15. Nh2 {[%emt 0:02:31] C90: Closed Ruy Lopez with 7...d6: Early deviations.} Bg7 16. Qf3 Be6 {[%emt 0:06:12] [#]} 17. Bb3 $146 ({Predecessor:} 17. Bg5 h6 18. Be3 Qe7 19. Ne2 d5 20. Nf1 d4 21. Bc1 Nh5 22. Nfg3 Nxg3 23. Qxg3 dxc3 24. bxc3 {1-0 (55) Axarlian,C (2089)-Echeguren,M (1953) Buenos Aires 2019}) 17... Ra7 18. Bg5 h6 19. Bxf6 Bxf6 20. Ng4 Bg5 21. Ne3 Kg7 $11 22. Bd5 Ne7 23. Bxe6 fxe6 24. Qg4 Ng8 25. h4 Nf6 26. Qh3 Bf4 27. Ngf1 h5 28. g3 Bh6 29. a4 Rf7 30. axb5 axb5 31. Ra6 Nh7 32. Rea1 Qf6 33. Qg2 Rd8 34. Rb6 g5 35. Raa6 gxh4 36. gxh4+ Kh8 37. Qh2 Bf4 38. Ng3 Rg8 39. Nef1 Bxg3 40. Nxg3 Rxg3+ 41. Qxg3 Rg7 42. Rb8+ Nf8 43. Raa8 Rxg3+ 44. fxg3 Qh6 45. Rxf8+ Kg7 46. Rg8+ Kf7 47. Rg5 c4 48. dxc4 bxc4 49. Ra7+ Kf6 50. Rc7 Qf8 51. Rxh5 d5 52. g4 dxe4 53. Rh6+ 1-0

[Event "JBLN 2020"]
[Site "Uelzen"]
[Date "2020.09.19"]
[Round "8.4"]
[White "Khachatryan, Taron"]
[Black "Engel, Robert"]
[Result "0-1"]
[ECO "E22"]
[WhiteElo "2136"]
[BlackElo "2113"]
[Annotator "ChessBase"]
[PlyCount "120"]
[EventDate "2020.09.19"]
[EventType "team-tourn"]
[EventCountry "GER"]
[SourceTitle "playchess.com"]
[Source "ChessBase"]
[SourceQuality "1"]
[TimeControl "5400+30"]

1. Nf3 Nf6 2. c4 e6 3. d4 d5 4. Nc3 Bb4 5. Bg5 h6 6. Bxf6 Qxf6 7. e3 O-O 8. Qb3 Bxc3+ 9. Qxc3 dxc4 10. Qxc4 c6 11. Be2 Nd7 12. Qc3 c5 13. Ne5 cxd4 14. exd4 Nb6 15. Bf3 Rd8 16. O-O Nd5 17. Bxd5 Rxd5 18. Rfd1 Qd8 19. Rac1 Bd7 20. Qc7 f6 21. Ng6 Kh7 22. Nf4 Rf5 23. g3 Rb5 24. b3 Rb6 25. d5 e5 26. Ne6 Qe8 27. Qc2+ Qg6 28. Qxg6+ Kxg6 29. Rc7 Rd6 30. Nc5 Bc6 31. Nxb7 Rxd5 32. Rc1 Bd7 33. Nc5 Bf5 34. Nb7 a5 35. R7c5 Rd2 36. Rxa5 Rxa2 37. Rxa8 Rxa8 38. Nd6 Ra3 39. Nxf5 Kxf5 40. Rc7 g5 41. Rb7 Ra2 42. Rb6 h5 43. Kg2 g4 44. Kg1 Rb2 45. Kf1 Kg5 46. Rb8 h4 47. gxh4+ Kxh4 48. b4 Kg5 49. Kg2 Kf4 50. b5 e4 51. b6 f5 52. b7 Rb3 53. Rf8 Rxb7 54. h3 gxh3+ 55. Kxh3 Rg7 56. Kh2 Rg5 57. Kh3 Kf3 58. Kh4 Rg4+ 59. Kh5 f4 60. Re8 Rg2 0-1

[Event "JBLN 2020"]
[Site "Uelzen"]
[Date "2020.09.19"]
[Round "8.4"]
[White "Askerov, Imamali"]
[Black "Hermes, Simon"]
[Result "1-0"]
[ECO "C05"]
[WhiteElo "1937"]
[BlackElo "1646"]
[Annotator "NA"]
[PlyCount "63"]
[EventDate "2020.09.19"]
[EventType "team-tourn"]
[EventCountry "GER"]
[SourceTitle "playchess.com"]
[Source "ChessBase"]
[SourceQuality "1"]
[TimeControl "5400+30"]

1. e4 e6 2. d4 d5 3. Nd2 Nf6 4. e5 Nfd7 5. f4 c5 6. c3 Nc6 7. Ndf3 Be7 8. g3 Qb6 9. Bh3 O-O 10. Kf1 Ndb8 11. Kg2 Bd7 12. Ne2 a5 13. Rf1 a4 14. g4 $11 f6 15. f5 cxd4 16. cxd4 fxe5 17. dxe5 exf5 18. gxf5 Bxf5 19. Qxd5+ Kh8 20. Bxf5 Rxf5 21. Qe6 Rf8 22. Ng5 Rxf1 23. Kxf1 h6 24. Nf7+ Kh7 25. Nf4 Qb5+ 26. Kg2 Bf6 27. exf6 Nd4 28. Qe4+ Kg8 29. Nxh6+ Kh8 30. fxg7+ Kxg7 31. Qg6+ Kf8 32. Qf7# 1-0

[Event "JBLN 2020"]
[Site "Uelzen"]
[Date "2020.09.19"]
[Round "8.5"]
[White "Holinka, Henning"]
[Black "Striebeck, Enno"]
[Result "1-0"]
[ECO "B76"]
[WhiteElo "2256"]
[BlackElo "1697"]
[Annotator "ChessBase"]
[PlyCount "74"]
[EventDate "2020.09.19"]
[EventType "team-tourn"]
[EventCountry "GER"]
[SourceTitle "playchess.com"]
[Source "ChessBase"]
[SourceQuality "1"]
[TimeControl "5400+30"]

1. e4 c5 2. Nf3 d6 3. d4 cxd4 4. Nxd4 Nf6 5. Nc3 g6 6. Be3 Bg7 7. f3 O-O 8. Qd2 Nc6 9. O-O-O a6 10. g4 Nxd4 11. Bxd4 Be6 12. h4 Qa5 13. Kb1 Rfc8 14. h5 Rxc3 15. Qxc3 Qxa2+ 16. Kc1 Bh6+ 17. Be3 Rc8 18. Qd4 Bb3 19. Bd3 Bxc2 20. Bxc2 Qb3 21. Qd3 Bxe3+ 22. Kb1 Qb6 23. hxg6 hxg6 24. e5 dxe5 25. g5 Bxg5 26. f4 exf4 27. Qh3 Nh5 28. Qxc8+ Kg7 29. Rd8 Bf6 30. Rg8+ Kh6 31. Rh8+ Bxh8 32. Qxh8+ Kg5 33. Qe5+ f5 34. Qxe7+ Qf6 35. Qxb7 Ng3 36. Re1 Kg4 37. Bd1+ Kh3 1-0

[Event "JBLN 2020"]
[Site "Uelzen"]
[Date "2020.09.19"]
[Round "8.5"]
[White "Neumann, Oskar"]
[Black "Rothenberg, Jannik"]
[Result "0-1"]
[ECO "C09"]
[WhiteElo "1691"]
[BlackElo "1889"]
[Annotator "NA"]
[PlyCount "38"]
[EventDate "2020.09.19"]
[EventType "team-tourn"]
[EventCountry "GER"]
[SourceTitle "playchess.com"]
[Source "ChessBase"]
[SourceQuality "1"]
[TimeControl "5400+30"]

1. e4 e6 2. d4 d5 3. Nd2 c5 4. exd5 exd5 5. dxc5 Bxc5 6. Nb3 Bb6 7. Nf3 Nc6 8. c3 Bg4 9. Bb5 Nge7 10. O-O O-O 11. Bg5 f6 12. Bxc6 fxg5 13. Bxb7 Bxf3 14. gxf3 Rb8 15. Ba6 Qd6 16. Qd3 Bc7 $19 17. Rfe1 Ng6 18. Rad1 Qxh2+ 19. Kf1 Nf4 0-1

[Event "JBLN 2020"]
[Site "Uelzen"]
[Date "2020.09.19"]
[Round "8.6"]
[White "Guo, Philipp Ziming"]
[Black "Garner, Isaac"]
[Result "1-0"]
[ECO "B48"]
[WhiteElo "1728"]
[BlackElo "2095"]
[Annotator "NA"]
[PlyCount "105"]
[EventDate "2020.09.19"]
[EventType "team-tourn"]
[EventCountry "GER"]
[SourceTitle "playchess.com"]
[Source "ChessBase"]
[SourceQuality "1"]
[TimeControl "5400+30"]

1. e4 c5 2. Nf3 e6 3. d4 cxd4 4. Nxd4 Nc6 5. Nc3 Qc7 6. Be3 a6 7. Bd3 Nf6 8. O-O b5 9. a3 Ne5 {[%emt 0:01:09] B48: Sicilian: Taimanov: 5 Nc3 Qc7 6 Be3 a6 without Be2.} 10. Be2 Bb7 11. f4 Nc4 12. Bxc4 Qxc4 {[%emt 0:00:53] [#]} 13. e5 $146 ({Predecessor:} 13. f5 Nxe4 14. Nxe4 Bxe4 15. Rf4 exf5 16. Nxf5 Qxc2 17. Qg4 Bxf5 18. Rxf5 f6 19. Rd5 {½-½ (60) Titgemeyer,S (1557)-Mirke,R (1557) Willingen 2006}) 13... Nd5 14. Nxd5 Qxd5 15. Qe2 d6 16. Rad1 dxe5 17. Nf3 Qe4 18. Ng5 Qc6 19. fxe5 Bc5 20. Bxc5 Qxc5+ 21. Qf2 $16 Qxf2+ 22. Rxf2 O-O 23. Rd7 Bd5 24. Rdxf7 Rxf7 25. Nxf7 Rc8 26. Nd6 Rc5 27. Re2 h6 28. Kf2 Kh7 29. Ke3 Bc4 30. Nxc4 Rxc4 31. b3 Rc8 32. Kd4 Kg6 33. c4 bxc4 34. bxc4 Rd8+ 35. Kc5 Kf5 36. Kb6 Rb8+ 37. Kc7 Rb3 38. c5 Rxa3 39. c6 Rc3 40. Kd7 Rd3+ 41. Kc8 Rc3 42. c7 a5 43. Rd2 Kxe5 44. Kd8 Kf4 45. Rf2+ Ke4 46. Re2+ Kd5 47. c8=Q Rxc8+ 48. Kxc8 e5 49. Ra2 e4 50. Rxa5+ Kd4 51. Kd7 e3 52. Ke6 e2 53. Re5 1-0

[Event "JBLN 2020"]
[Site "Uelzen"]
[Date "2020.09.20"]
[Round "9.2"]
[White "Stelmaszyk, Nico"]
[Black "Hovhannisyan, Artur"]
[Result "1-0"]
[ECO "B01"]
[WhiteElo "2301"]
[BlackElo "2182"]
[Annotator "ChessBase"]
[PlyCount "71"]
[EventDate "2020.09.19"]
[EventType "team-tourn"]
[EventCountry "GER"]
[SourceTitle "playchess.com"]
[Source "ChessBase"]
[SourceQuality "1"]
[TimeControl "5400+30"]

1. e4 d5 2. exd5 Nf6 3. d4 Bg4 4. Bb5+ Nbd7 5. f3 Bf5 6. Nc3 a6 7. Ba4 b5 8. Bb3 Nb6 9. Nge2 Nbxd5 10. Nxd5 Nxd5 11. Ng3 Bg6 12. f4 e6 13. O-O Be7 14. f5 exf5 15. Nxf5 Bxf5 16. Rxf5 Nf6 17. c3 O-O 18. Qf3 g6 19. Re5 Nd7 20. Re2 Bf6 21. Bh6 Bg7 22. Bf4 Nb6 23. Rf1 Qd7 24. Qb7 Rac8 25. Bg3 a5 26. Ref2 Nc4 27. a4 Rb8 28. Qxc7 Qxc7 29. Bxc7 Rb7 30. Bg3 Ne3 31. Rxf7 Rfxf7 32. Rxf7 Rxf7 33. axb5 a4 34. Bxf7+ Kxf7 35. b6 a3 36. bxa3 1-0

[Event "JBLN 2020"]
[Site "Uelzen"]
[Date "2020.09.20"]
[Round "9.4"]
[White "Reimer, Philip"]
[Black "Khachatryan, Taron"]
[Result "1/2-1/2"]
[ECO "B07"]
[WhiteElo "1984"]
[BlackElo "2136"]
[Annotator "ChessBase"]
[PlyCount "37"]
[EventDate "2020.09.19"]
[EventType "team-tourn"]
[EventCountry "GER"]
[SourceTitle "playchess.com"]
[Source "ChessBase"]
[SourceQuality "1"]
[TimeControl "5400+30"]

1. e4 d6 2. d4 Nf6 3. Nc3 Nbd7 4. f4 e5 5. fxe5 dxe5 6. dxe5 Nxe5 7. Qxd8+ Kxd8 8. Nf3 Bd6 9. Bg5 c6 10. O-O-O Kc7 11. Nd4 a6 12. Be2 Nfg4 13. Nf5 Bxf5 14. exf5 f6 15. Bf4 Nd3+ 16. Rxd3 Bxf4+ 17. Kb1 Ne5 18. Rdd1 Rad8 19. Ne4 1/2-1/2

[Event "JBLN 2020"]
[Site "Uelzen"]
[Date "2020.09.20"]
[Round "9.5"]
[White "Striebeck, Enno"]
[Black "Brockmeyer, Tobias"]
[Result "1-0"]
[ECO "D30"]
[WhiteElo "1697"]
[BlackElo "1890"]
[Annotator "NA"]
[PlyCount "95"]
[EventDate "2020.09.19"]
[EventType "team-tourn"]
[EventCountry "GER"]
[SourceTitle "playchess.com"]
[Source "ChessBase"]
[SourceQuality "1"]
[TimeControl "5400+30"]

1. d4 d5 2. c4 e6 3. Nf3 c6 4. Bf4 dxc4 5. e3 b5 6. Be2 Nf6 7. O-O Bb7 8. a4 Bb4 9. b3 cxb3 10. axb5 O-O 11. Qxb3 Bd6 12. Ne5 cxb5 $16 13. Qxb5 Qb6 14. Nc3 Nd5 15. Qxb6 axb6 16. Nxd5 Bxd5 17. Rxa8 Bxa8 18. Nd3 Bxf4 19. Nxf4 Nd7 20. Rc1 Nf6 21. f3 Rd8 22. Kf2 Kf8 23. e4 Ke7 24. Ke3 Bb7 25. Rb1 Rd6 26. e5 Nd5+ 27. Nxd5+ Rxd5 28. Rxb6 Rd7 29. g4 g5 30. Bd3 h6 31. Be4 Bd5 32. Bxd5 Rxd5 33. Rb8 Rd8 34. Rxd8 Kxd8 35. Ke4 Ke7 36. d5 exd5+ 37. Kxd5 Kd7 38. Ke4 Ke6 39. Kd4 Ke7 40. Kd5 Kd7 41. Ke4 Ke6 42. Kd4 Ke7 43. Ke3 Ke6 44. Ke4 Ke7 45. Kf5 Ke8 46. Kf6 Kf8 47. e6 fxe6 48. Kg6 1-0